 Dungeon Crawl Stone Soup version 0.21-a0-193-g085b6a0 (webtiles) character file.

2610 MackTheKnife the Grappler (level 9, -4/63 HPs)
             Began as an Octopode Fighter on Aug 14, 2017.
             Was a Follower of Cheibriados.
             Engulfed by a cloud of steam (8 damage)
             ... on level 7 of the Dungeon.
             The game lasted 00:09:02 (8570 turns).

MackTheKnife the Grappler (Octopode Fighter)        Turns: 8570, Time: 00:09:02

Health: -4/63      AC:  1    Str: 19    XL:     9   Next: 59%
Magic:  0/9        EV: 12    Int: 14    God:    Cheibriados [*.....]
Gold:   382        SH: 11    Dex: 13    Spells: 8/8 levels left

rFire    . . .     SeeInvis .     - Unarmed
rCold    . . .     Gourm    .   a - +1 shield
rNeg     . . .     Faith    .   (helmet restricted)
rPois    .         Spirit   +   x - amulet of guardian spirit {Spirit}
rElec    .         Reflect  .   s - ring of wizardry {Wiz+, !d}
rCorr    +         Harm     .   u - ring of resist corrosion
MR       .....                  (no ring)
Stlth    ++........             (no ring)
HPRegen  0.20/turn              (no ring)
MPRegen  0.11/turn              (no ring)
                                (no ring)
                                (no ring)

@: very slow
A: almost no armour, stealthy swim, amphibious, 8 rings, constrict 8, camouflage
1, gelatinous body 1
a: Bend Time, Renounce Religion


You were on level 7 of the Dungeon.
You worshipped Cheibriados.
Cheibriados was aware of your devotion.
You were not hungry.

You visited 1 branch of the dungeon, and saw 7 of its levels.
You also visited: Sewer.

You collected 382 gold pieces.

Inventory:

Armour
 a - a +1 shield (worn)
Jewellery
 h - an uncursed ring of fire {rF+, rC-}
   (You found it on level 1 of the Dungeon)
 s - a ring of wizardry (left tentacle) {Wiz+, !d}
   (You found it on level 2 of the Dungeon)
 u - a ring of resist corrosion (right tentacle)
   (You found it on level 3 of the Dungeon)
 x - an amulet of guardian spirit (around mantle) {Spirit}
   (You found it on level 3 of the Dungeon)
Wands
 q - a wand of polymorph (18/24)
   (You found it on level 2 of the Dungeon)
 r - a wand of flame (26/48)
   (You found it on level 4 of the Dungeon)
Scrolls
 e - 7 scrolls of teleportation
 f - 5 scrolls of magic mapping {!r}
 g - 2 scrolls of enchant armour
 l - a scroll of fog
 o - a scroll of fear
 p - 2 scrolls of blinking {!r}
 y - 5 scrolls of remove curse
 B - a scroll of amnesia
Potions
 b - 2 potions of brilliance {unknown}
 d - a potion of resistance {unknown}
 j - 2 potions of heal wounds {unknown}
 k - 2 potions of curing
 m - 3 potions of degeneration {unknown}
 n - a potion of ambrosia {unknown}
 v - a potion of agility {unknown}
 w - 2 potions of berserk rage {!q}
 z - 2 potions of flight {unknown}
 A - a potion of lignification {unknown}
 E - a potion of mutation {unknown}
Comestibles
 c - 6 bread rations {@e1}
 i - 6 meat rations {@e2}
 t - 13 fruits


   Skills:
 + Level 6.6 Fighting
 - Level 3.0 Dodging
 + Level 6.2 Shields
 + Level 10.1 Unarmed Combat


You had 8 spell levels left.
You didn't know any spells.

Dungeon Overview and Level Annotations

Branches:
Dungeon (7/15)             Temple (0/1) D:6

Altars:
Cheibriados
Dithmenos
Hepliaklqana
Vehumet

Annotations:
D:6 exclusion: 2 slaves
D:7 exclusion: orc priest


Innate Abilities, Weirdness & Mutations

You cannot wear most types of armour.
You are very stealthy in the water. (Stealth+)
You are amphibious.
You can wear up to eight rings at the same time.
You can use your tentacles to constrict eight enemies at once.
Your skin changes colour to match your surroundings (Stealth+).
Your rubbery body absorbs attacks. (AC +1, EV +1)


Message History

You take 12 damage, and have 50/62 hp.
You now have 7/9 mp.
You tentacle-slap the hippogriff. You bludgeon the hippogriff!
The hippogriff bites you! You block the hippogriff's attack.
The hippogriff closely misses you.
You take 11 damage, and have 39/62 hp.
You now have 6/9 mp.
You tentacle-slap the hippogriff. You block the hippogriff's attack. x2
The hippogriff claws you!
You take 7 damage, and have 32/62 hp.
You now have 5/9 mp.
You are too injured to fight recklessly!
You are too injured to fight recklessly!
You barely miss the hippogriff. You squeeze the hippogriff!
The hippogriff bites you! You block the hippogriff's attack.
The hippogriff claws you.
You take 9 damage, and have 23/62 hp.
You now have 3/9 mp.
You tentacle-slap the hippogriff but do no damage.
You block the hippogriff's attack. The hippogriff pecks you!
* * * LOW HITPOINT WARNING * * *
The hippogriff completely misses you.
You take 6 damage, and have 17/62 hp.
You now have 2/9 mp.
Unknown command.
You barely miss the hippogriff.
You tentacle-slap the hippogriff, but do no damage.
You squeeze the hippogriff.
You kill the hippogriff!
Cheibriados appreciates the change of pace.
Your Shields skill increases to level 6!
Your Unarmed Combat skill increases to level 10!
There's something blocking the doorway.
There is a stone staircase leading up here.
You climb upwards.
Level annotation: exclusion: 2 slaves
There is a stone staircase leading down here.
You start resting.
Health restored: 63; MP restored: 9 You climb downwards.
Level annotation: exclusion: orc priest
There is a stone staircase leading up here.
There is an open door, spattered with blood here.
You see here a hippogriff skeleton.
Found a stone staircase leading up.
You now have 362 gold pieces (gained 17).
You now have 382 gold pieces (gained 20).
e - 7 scrolls of teleportation (gained 1)
A steam dragon comes into view.
The steam dragon hisses angrily.
A steam dragon is nearby!
The steam dragon breathes steam at you. The ball of steam misses you.
You hear a shout!
No reachable target in view!
Unknown command.
No reachable target in view!
You barely miss the steam dragon. Your squeeze misses the steam dragon.
You are engulfed in a cloud of scalding steam.
You block the steam dragon's attack. x2
You take 5 damage, and have 58/63 hp.
You now have 8/9 mp.
You closely miss the steam dragon.
You squeeze the steam dragon, but do no damage.
The steam dragon bites you! You block the steam dragon's attack.
You take 9 damage, and have 49/63 hp.
You now have 6/9 mp.
You tentacle-slap the steam dragon.
You are engulfed in a cloud of scalding steam.
The steam dragon closely misses you. You block the steam dragon's attack.
You take 7 damage, and have 42/63 hp.
You tentacle-slap the steam dragon but do no damage.
The steam dragon misses you. You block the steam dragon's attack.
You bludgeon the steam dragon! Your squeeze misses the steam dragon.
The steam dragon breathes steam at you. The ball of steam hits you!
The crimson imp shouts!
You take 17 damage, and have 25/63 hp.
MASSIVE DAMAGE!!
You now have 3/9 mp.
You tentacle-slap the steam dragon but do no damage.
You squeeze the steam dragon.
You are engulfed in a cloud of scalding steam.
The steam dragon closely misses you. You block the steam dragon's attack.
You take 5 damage, and have 20/63 hp.
You now have 2/9 mp.
You closely miss the steam dragon.
You squeeze the steam dragon, but do no damage.
The steam dragon barely misses you. The steam dragon claws you.
* * * LOW HITPOINT WARNING * * *
You take 4 damage, and have 16/63 hp.
Unknown command.
You barely miss the steam dragon.
You are engulfed in a cloud of scalding steam.
* * * LOW HITPOINT WARNING * * *
You take 5 damage, and have 11/63 hp.
You now have 1/9 mp.
Unknown command.
You bludgeon the steam dragon!
You are engulfed in a cloud of scalding steam.
The steam dragon bites you!
* * * LOW HITPOINT WARNING * * *
You block the steam dragon's attack.
The crimson imp blinks!
You take 7 damage, and have 4/63 hp.
You tentacle-slap the steam dragon.
You kill the steam dragon!
Cheibriados appreciates the change of pace.
You are engulfed in a cloud of scalding steam.
You die...

#############
......#............
.....#............
....#..§5........
#...##..§@...§...
#...##.§§........
##...##..§##....##
#....##...##....#
#.................
#..........#.....#
##...##....# ....#
##...##...########
#.........##....##


You could see a crimson imp.

Vanquished Creatures
  A hippogriff (D:7)
  Sigmund (D:3)
  A steam dragon (D:7)
  Menkaure (D:6)
  2 sky beasts
  Purgy (Sewer)
  A phantom (D:4)
  An ice beast (D:6)
  4 ogres
  4 bullfrogs (D:6)
  3 scorpions
  The ghost of p0werm0de the Magician, a weakling DgWz (D:4)
  The ghost of p0werm0de the Gusty, a weakling DsAE of Ashenzari (D:3)
  2 bullfrog zombies
  2 crimson imps
  A bullfrog skeleton (D:5)
  4 hounds
  An orc priest (D:5)
  An orc wizard (D:5)
  A centaur skeleton (D:6)
  Jessica (D:3)
  An iguana (D:5)
  4 worker ants
  2 hound skeletons
  Robin (D:3)
  7 adders
  2 oozes
  4 worms
  A dart slug (D:2)
  6 leopard geckos
  6 orcs
  5 bats
  11 giant cockroaches
  12 goblins
  14 hobgoblins
  8 jackals
  7 kobolds
  5 quokkas
  3 ball pythons (Sewer)
  15 frilled lizards
  A jackal skeleton (D:5)
  A leopard gecko skeleton (D:4)
  A leopard gecko zombie (D:5)
  10 rats
162 creatures vanquished.

Notes
Turn   | Place    | Note
-------+----------+-------------------------------------------
     0 | D:1      | MackTheKnife the Octopode Fighter began the quest for the Orb.
     0 | D:1      | Reached XP level 1. HP: 16/16 MP: 1/1
   209 | D:1      | Reached XP level 2. HP: 17/21 MP: 2/2
   284 | D:1      | Reached skill level 3 in Unarmed Combat
   848 | D:1      | Reached XP level 3. HP: 24/26 MP: 3/3
  1118 | D:2      | Found a shadowy altar of Dithmenos.
  1540 | D:2      | Reached skill level 4 in Unarmed Combat
  1542 | D:2      | Reached XP level 4. HP: 26/31 MP: 4/4
  2284 | D:3      | Noticed Robin
  2371 | D:3      | Killed Robin
  2371 | D:3      | Reached skill level 5 in Unarmed Combat
  2371 | D:3      | Reached XP level 5. HP: 25/36 MP: 5/5
  2604 | D:3      | Noticed Jessica
  2619 | D:3      | Killed Jessica
  2768 | D:3      | Noticed p0werm0de's ghost (weakling DsAE)
  2812 | D:3      | Killed p0werm0de's ghost
  2843 | D:3      | Noticed Sigmund
  2857 | D:3      | Killed Sigmund
  2857 | D:3      | Reached skill level 6 in Unarmed Combat
  2857 | D:3      | Reached XP level 6. HP: 42/42 MP: 6/6
  3284 | D:3      | Reached skill level 7 in Unarmed Combat
  3284 | D:3      | Reached XP level 7. HP: 18/46 MP: 7/7
  3687 | D:4      | Found a glowing drain.
  3704 | Sewer    | Entered a sewer
  3842 | Sewer    | Noticed Purgy
  3863 | Sewer    | Killed Purgy
  4474 | D:4      | Noticed p0werm0de's ghost (weakling DgWz)
  4483 | D:4      | Killed p0werm0de's ghost
  4483 | D:4      | Reached skill level 8 in Unarmed Combat
  4720 | D:4      | Noticed Eustachio
  4721 | D:4      | Noticed Eustachio
  4721 | D:4      | Eustachio changed into Eustachio the ooze
  4725 | D:4      | Killed Eustachio the ooze
  5591 | D:5      | Entered Level 5 of the Dungeon
  5628 | D:5      | Reached XP level 8. HP: 54/54 MP: 8/8
  5638 | D:5      | Reached skill level 4 in Fighting
  5716 | D:5      | Found a shadowy altar of Dithmenos.
  6164 | D:5      | Found a shadowy altar of Dithmenos.
  6166 | D:5      | Found a radiant altar of Vehumet.
  6293 | D:5      | Reached skill level 4 in Shields
  6297 | D:5      | Found a snail-covered altar of Cheibriados.
  6319 | D:5      | Reached skill level 9 in Unarmed Combat
  6333 | D:5      | Became a worshipper of Cheibriados the Contemplative
  6695 | D:6      | Noticed Menkaure
  6703 | D:6      | Killed Menkaure
  6703 | D:6      | Reached skill level 5 in Fighting
  6985 | D:6      | Found a hazy altar of Hepliaklqana.
  7033 | D:6      | Reached skill level 5 in Shields
  7203 | D:6      | Reached XP level 9. HP: 58/61 MP: 9/9
  7316 | D:6      | Reached skill level 6 in Fighting
  7471 | D:6      | HP: 14/62 [something (2)]
  7953 | D:6      | Found a staircase to the Ecumenical Temple.
  7960 | D:6      | Reached * piety under Cheibriados
  8295 | D:7      | Reached skill level 6 in Shields
  8295 | D:7      | Reached skill level 10 in Unarmed Combat
  8568 | D:7      | HP: 11/63 [steam dragon] (5)]
  8569 | D:7      | HP: 4/63 [steam dragon (7)]
  8570 | D:7      | Engulfed by a cloud of steam

Vault maps used:
D:1:      dpeg_arrival_more_subterranean_lakeside_camping
D:2:      first_bread, dk_vineyard_2, nicolae_dithmenos_shadow_blocks
D:3:      minmay_misc_feat_room, kennysheep_boxes, uniq_jessica, uniq_sigmund,
          uniq_robin
D:4:      gup_sewer_entry_pipe, uniq_eustachio
D:5:      cheibriados_altar_1, grunt_temple_overflow_open, basic_altar
D:6:      kennysheep_spiral_hall, minmay_temple_entry_nine_rooms, basic_altar,
          uniq_menkaure, uniq_pikel
D:7:      grunt_livestock, minmay_misc_feat_tiny
Sewer:    sewer_co_purgy_island

Skill      XL: |  1  2  3  4  5  6  7  8  9 |
---------------+----------------------------+-----
Unarmed Combat | 3 4 5 6 7 8 9 10 | 10.1
Fighting       | 5 6 |  6.6
Shields        | 5 6 |  6.2
Dodging        | |  3.0

Action                   |  1- 3 |  4- 6 |  7- 9 || total
-------------------------+-------+-------+-------++-------
Melee: Unarmed           |    78 |   109 |   239 ||   426
       Constrict         |    25 |    26 |    39 ||    90
       Tentacles         |    11 |    18 |    53 ||    82
       Punch             |       |     7 |    19 ||    26
Evoke: Wand              |       |       |     2 ||     2
  Use: Potion            |       |     3 |     1 ||     4
       Scroll            |       |       |    12 ||    12
 Stab: Sleeping          |     5 |     4 |    11 ||    20
       Distracted        |       |       |     1 ||     1
  Eat: Chunk             |     1 |     6 |     8 ||    15
       Bread ration      |       |       |     2 ||     2
Armor: Skin              |     7 |     5 |     9 ||    21
Dodge: Dodged            |    19 |    29 |    69 ||   117
Block: Shield            |    29 |    37 |    81 ||   147

Vault maps used:
D:1:      dpeg_arrival_more_subterranean_lakeside_camping
D:2:      first_bread, dk_vineyard_2, nicolae_dithmenos_shadow_blocks
D:3:      minmay_misc_feat_room, kennysheep_boxes, uniq_jessica, uniq_sigmund,
          uniq_robin
D:4:      gup_sewer_entry_pipe, uniq_eustachio
D:5:      cheibriados_altar_1, grunt_temple_overflow_open, basic_altar
D:6:      kennysheep_spiral_hall, minmay_temple_entry_nine_rooms, basic_altar,
          uniq_menkaure, uniq_pikel
D:7:      grunt_livestock, minmay_misc_feat_tiny
Sewer:    sewer_co_purgy_island

Table legend:
 A = Turns spent in this place as a percentage of turns spent in the entire game.
 B = Non-inter-level travel turns spent in this place as a percentage of non-inter-level travel turns spent in the entire game.
 C = Inter-level travel turns spent in this place as a percentage of turns spent in this place.
 D = Turns resting spent in this place as a percentage of non-inter-level travel turns spent in this place.
 E = Turns spent auto-exploring this place as a percentage of non-inter-level travel turns spent in this place.
 F = Non-inter-level travel turns spent in this place divided by the number of levels of this place that you've seen.
                   A       B       C       D       E      F
               +-------+-------+-------+-------+-------+----------------------
         Total | 100.0 | 100.0 |   0.5 |   4.1 |  11.2 | 238.4
       Dungeon |  94.8 |  94.8 |   0.6 |   3.9 |  11.2 | 258.1
         Sewer |   5.2 |   5.2 |   0.0 |   8.0 |  11.0 | 100.0
               +-------+-------+-------+-------+-------+----------------------

Table legend:
 A = Kills in this place as a percentage of kills in entire the game.
 B = Kills by you in this place as a percentage of kills by you in the entire game.
 C = Kills by friends in this place as a percentage of kills by friends in the entire game.
 D = Other kills in this place as a percentage of other kills in the entire game.
 E = Experience gained in this place as a percentage of experience gained in the entire game.
 F = Experience gained in this place divided by the number of levels of this place that you have seen.
                   A       B       C       D       E      F
               +-------+-------+-------+-------+-------+----------------------
         Total | 100.0 | 100.0 |  -nan |  -nan | 100.0 | 466.1
       Dungeon |  95.1 |  95.1 |  -nan |  -nan |  95.9 | 510.7
         Sewer |   4.9 |   4.9 |  -nan |  -nan |   4.1 | 154.0
               +-------+-------+-------+-------+-------+----------------------
